 Dungeon Crawl Stone Soup version 0.20.1-1-g8b1a95d (webtiles) character file.

22 Irenicus the Charmwright (level 2, -1/26 HPs)
             Began as a Naga Skald on Nov 4, 2017.
             Slain by a worm (9 damage)
             ... on level 2 of the Dungeon.
             The game lasted 00:04:00 (655 turns).

Irenicus the Charmwright (Naga Skald)                Turns: 655, Time: 00:04:01

Health: -1/26      AC:  2    Str: 13    XL:     2   Next: 91%
Magic:  5/5        EV:  9    Int: 13    God:
Gold:   107        SH:  0    Dex: 10    Spells: 2/5 levels left

rFire    . . .     SeeInvis +   a - +0 falchion
rCold    . . .     Gourm    .   (no shield)
rNeg     . . .     Faith    .   b - +0 leather armour
rPois    +         Spirit   .   (no helmet)
rElec    .         Reflect  .   (no cloak)
rCorr    .         Harm     .   (no gloves)
MR       +....                  (no barding)
Stlth    ..........             (no amulet)
Regen    0.1/turn               e - ring of protection from magic
MPRegen  0.1/turn               (no ring)

@: confused, short of breath, very slow
A: see invisible, deformed body, poison resistance, slowness 2, slow metabolism
1, spit poison 1, AC +0
a: Spit Poison


You were on level 2 of the Dungeon.
You were not hungry.

You visited 1 branch of the dungeon, and saw 2 of its levels.

You collected 107 gold pieces.

Inventory:

Hand Weapons
 a - a +0 falchion (weapon)
Armour
 b - a +0 leather armour (worn)
Jewellery
 e - a ring of protection from magic (left hand)
Scrolls
 g - a scroll of identify {unknown}
Books
 c - a book of Battle

   Spells                             Type                      Level
   a - Infusion                       Charms                       1
   b - Shroud of Golubria             Charms/Translocation         2
   c - Song of Slaying                Charms                       2
   d - Spectral Weapon                Hexes/Charms                 3
   e - Regeneration                   Charms/Necromancy            3
Comestibles
 d - a bread ration


   Skills:
 - Level 2.0 Fighting
 + Level 2.3 Long Blades
 - Level 0.7 Armour
 - Level 1.5 Dodging
 - Level 2.2 Spellcasting
 - Level 3.3 Charms
 - Level 1.1 Translocations


You had 2 spell levels left.
You knew the following spells:

 Your Spells              Type           Power        Failure   Level  Hunger
a - Infusion              Chrm           ##..         9%          1    ##.....
b - Shroud of Golubria    Chrm/Tloc      #.........   19%         2    ###....


Dungeon Overview and Level Annotations

Branches:
Dungeon (2/15)

Altars:

Annotations:
D:2 Natasha


Innate Abilities, Weirdness & Mutations

You cannot wear boots.
Your serpentine skin is tough. (AC +0)
You have supernaturally acute eyesight. (SInv)
Armour fits poorly on your strangely shaped body.
Your system is resistant to poisons. (rPois)
You cover ground very slowly.
You have a slow metabolism.
You can spit poison.


Message History

You hit Natasha.
Natasha is severely wounded.
Your shroud bends Natasha's attack away.
Natasha misses you.
You riposte.
You barely miss Natasha.
Natasha is severely wounded.
You closely miss Natasha.
Natasha is severely wounded.
Natasha claws you!
Your shroud falls apart!
The worm bites you.
Press: ? - help, Shift-Dir - straight line, f - worm
Aim: a worm The splash of poison hits the worm.
The worm is lightly wounded.
You feel slightly more hungry. Natasha claws you!
* * * LOW HITPOINT WARNING * * *
It was a potion of ambrosia.
You are confused.
You feel invigorated. The worm bites you!
You die...

. ####.
...#.
#... #..#
#..#
#hw##.#.#
#@..<...#
#.....###
...>###
##...#
#...#
#..$#
....#
##..#


You could see a worm and Natasha.

Vanquished Creatures
  A leopard gecko (D:1)
  2 bats (D:1)
  2 giant cockroaches (D:1)
  3 goblins (D:1)
  2 jackals (D:1)
  5 kobolds (D:1)
  5 rats
  A fungus (D:1)
21 creatures vanquished.

Notes
Turn   | Place    | Note
-------+----------+-------------------------------------------
     0 | D:1      | Irenicus the Naga Skald began the quest for the Orb.
     0 | D:1      | Reached XP level 1. HP: 19/19 MP: 3/3
   180 | D:1      | Reached XP level 2. HP: 7/26 MP: 0/5
   207 | D:1      | Learned a level 2 spell: Shroud of Golubria
   562 | D:1      | Reached skill level 1 in Translocations
   646 | D:2      | Noticed Natasha
   655 | D:2      | Slain by a worm

Skill      XL: |  1  2 |
---------------+-------+-----
Translocations | 1 |  1.1
Fighting       | |  2.0
Long Blades    | |  2.3
Armour         | |  0.7
Dodging        | |  1.5
Spellcasting   | |  2.2
Charms         | |  3.3

Action                   || total
-------------------------++-------
Melee: Falchion          ||    96
 Cast: Infusion          ||     1
       Shroud of Golubri ||     7
 Abil: Spit Poison       ||     5
  Use: Potion            ||     1
Armor: Leather armour    ||    18
Dodge: Dodged            ||    60
       Rpst.: Falchion   ||    22
